 Dungeon Crawl Stone Soup version 0.30-a0-743-gbfdf073431 (webtiles) character file.

Game seed: 13857821227162553428

1945 MachoJfn the Chopper (level 8, -2/64 HPs)
             Began as a Demonspawn Berserker on Feb 4, 2023.
             Was an Elder of Trog.
             Slain by a cyan ugly thing (14 damage)
             ... on level 7 of the Dungeon on Feb 6, 2023.
             The game lasted 00:30:14 (6417 turns).

MachoJfn the Chopper (Demonspawn Berserker)         Turns: 6417, Time: 00:30:15

Health: -2/64      AC: 15    Str: 23    XL:     8   Next: 98%
Magic:  8/8        EV:  7    Int: 14    God:    Trog [****..]
Gold:   469        SH:  0    Dex: 13    Spells: 7/7 levels left

rFire   . . .      SeeInvis .    f - +6 war axe "Duoll" {drain, Str+3}
rCold   . . .      Faith    .    (no shield)
rNeg    + . .      Spirit   .    k - +0 plate armour
rPois   .          Reflect  .    (helmet restricted)
rElec   .          Harm     .    B - +2 cloak
rCorr   .          Rampage  .    (no gloves)
Will    .....                    (no boots) Stlth
                                 (no amulet)
HPRegen 0.30/turn                e - ring of positive energy
MPRegen 0.11/turn                l - ring of Yffeikor {Int+6 Slay+6 Stlth+}

@: no status effects
A: hooves 1, horns 1, spiny 1, demonic touch 2
a: Renounce Religion, Berserk, Trog's Hand, Brothers in Arms


You were on level 7 of the Dungeon.
You worshipped Trog.
Trog was greatly pleased with you.
You visited 1 branch of the dungeon, and saw 7 of its levels.

You collected 469 gold pieces.

Inventory:

Hand Weapons
 f - the +6 war axe "Duoll" (weapon) {drain, Str+3}
   (You found it on level 2 of the Dungeon)

   Str:       It affects your strength (+3).
 m - a +5 spectral club
Armour
 k - a +0 plate armour (worn)
 s - a scarf of harm
 B - a +2 cloak (worn)
Jewellery
 e - a ring of positive energy (left hand)
 l - the ring of Yffeikor (right hand) {Int+6 Slay+6 Stlth+}
   (You found it on level 4 of the Dungeon)

   [ring of intelligence]

   Int:       It affects your intelligence (+6).
   Slay:      It affects your accuracy & damage with ranged weapons and melee
   (+6).
   Stlth:     It makes you more stealthy.
 o - a ring of protection from cold
 A - a ring of poison resistance
Wands
 h - a wand of paralysis (18)
 n - a wand of flame (2)
Scrolls
 b - 5 scrolls of teleportation
 r - 7 scrolls of identify
 v - a scroll of summoning
 x - a scroll of fog
 y - a scroll of magic mapping {unknown}
 z - 2 scrolls of noise (quivered) {unknown}
Potions
 a - a potion of haste {unknown}
 c - a potion of flight {unknown}
 d - 3 potions of curing
 g - a potion of resistance
 i - 2 potions of magic
 j - a potion of attraction {unknown}
 q - 4 potions of heal wounds
 t - a potion of degeneration {unknown}
 u - a potion of ambrosia
 w - a potion of mutation {unknown}


   Skills:
 + Level 5.9 Fighting
 + Level 7.4(7.8) Axes
 + Level 3.7(6.0) Maces & Flails
 + Level 5.1 Armour
 + Level 2.8 Dodging
 + Level 0.4 Stealth


You had 7 spell levels left.
You didn't know any spells.
Your spell library contained the following spells:

 Spells                   Type           Power      Damage    Failure   Level
 Apportation              Tloc           0%         N/A       99%         1
 Beastly Appendage        Tmut           0%         N/A       99%         1
 Necrotise                Necr           0%         1d4       99%         1
 Summon Small Mammal      Summ           0%         N/A       99%         1
 Blink                    Tloc           0%         N/A       100%        2
 Lesser Beckoning         Tloc           0%         N/A       100%        2
 Momentum Strike          Conj/Tloc      0%         3d8       100%        2
 Wereblood                Tmut           0%         N/A       100%        2
 Spider Form              Tmut/Pois      0%         N/A       100%        3
 Borgnjor's Revivificati  Necr           0%         N/A       100%        8
 Necromutation            Tmut/Necr      0%         N/A       100%        8
 Death's Door             Necr           0%         N/A       100%        9


Dungeon Overview and Level Annotations

Branches:
Dungeon (7/15)             Temple (0/1) D:7

Altars:
Dithmenos
Fedhas
Hepliaklqana
Makhleb
Nemelex Xobeh
Wu Jian


Innate Abilities, Weirdness & Mutations

You have large cloven feet.
You have a pair of small horns on your head.
You are partially covered in sharp spines.
Your touch may inflict irresistible damage on your foes.


Message History

Found a sling.
The iguana hisses angrily.
A necrophage comes into view.
You don't know any spells.
Okay, then.
The iguana bites you but does no damage.
You barely miss the iguana. You kick the iguana.
The iguana is moderately wounded.
You slash the necrophage!
The necrophage hits you but does no damage.
The iguana is struck by your spines. The iguana closely misses you.
You slash the iguana!
You kill the iguana!
Trog accepts your kill.
You slash the necrophage!
The necrophage hits you but does no damage.
You barely miss the necrophage. You kick the necrophage.
You destroy the necrophage!
Trog accepts your kill.
A hound comes into view.
The hound barks!
The hound bites you but does no damage.
You slice the hound!!
You kill the hound!
Trog accepts your kill.
A cyan ugly thing comes into view.
The cyan ugly thing gurgles horribly!
The cyan ugly thing pecks you! The cyan ugly thing shocks you!
You slash the cyan ugly thing! You drain the cyan ugly thing.
You kick the cyan ugly thing.
The cyan ugly thing is moderately wounded.
The cyan ugly thing pecks you. The cyan ugly thing shocks you!
You slash the cyan ugly thing! You drain the cyan ugly thing.
You headbutt the cyan ugly thing!
The cyan ugly thing is severely wounded.
The cyan ugly thing pecks you but does no damage.
The cyan ugly thing pecks you!
* * * LOW HITPOINT WARNING * * *
The cyan ugly thing shocks you!
You die...

##...###.#####.##
##.## #.# #.# ###
#.#####.#
#.......#
#######.# #.# ##
#.#####...#
#.#......#
..###@###...# ##.
#u.# # # ...##
##.# #. #. #


You could see a cyan ugly thing (drained).

Vanquished Creatures
  A water moccasin (D:6)
  2 ice beasts (D:6)
  A black bear (D:6)
  2 ogres
  2 centaurs (D:6)
  2 phantoms
  2 scorpions (D:4)
  A gnoll sergeant (D:6)
  A necrophage (D:7)
  3 wights (D:6)
  5 jellies
  Crazy Yiuf (D:2)
  4 hounds
  Ijyb (D:4)
  Jessica (D:2)
  3 iguanas
  Natasha (twice) (D:2)
  Robin (D:2)
  4 gnolls (D:6)
  5 adders
  A shadow imp (D:6)
  2 white imps (D:6)
  2 ufetubi (D:5)
  4 worms
  4 dart slugs
  7 orcs
  5 endoplasms
  A giant cockroach (D:2)
  20 goblins
  10 hobgoblins
  4 jackals (D:3)
  4 quokkas
  7 ball pythons
  2 bats
  3 frilled lizards
  6 kobolds
  4 rats
130 creatures vanquished.

Notes
Turn   | Place    | Note
-------+----------+-------------------------------------------
     0 | D:1      | MachoJfn the Demonspawn Berserker began the quest for the
                  | Orb.
     0 | D:1      | Reached XP level 1. HP: 18/18 MP: 1/1
     7 | D:1      | You fall into a shaft and drop 1 floor!
     9 | D:2      | Noticed a hound
    14 | D:2      | Killed a hound
    15 | D:2      | Discovered your monstrous ancestry.
    15 | D:2      | Gained mutation: Your touch may inflict minor irresistible
                  | damage on your foes. [demonic ancestry]
    15 | D:2      | Reached XP level 2. HP: 18/24 MP: 2/2
    15 | D:2      | Reached XP level 3. HP: 21/29 MP: 3/3
  1211 | D:2      | Identified the +6 war axe "Duoll" {drain, Str+3}
  1551 | D:2      | Noticed Robin
  1556 | D:2      | Gained mutation: You are partially covered in sharp spines.
                  | [demonic ancestry]
  1556 | D:2      | Reached XP level 4. HP: 33/37 MP: 4/4
  1557 | D:2      | Reached ** piety under Trog
  1565 | D:2      | Killed Robin
  1573 | D:2      | Identified the +8 short sword of Guilt {speed, rN+ Dex+4}
  1687 | D:2      | Found a runed translucent door.
  1688 | D:2      | Noticed Crazy Yiuf
  1694 | D:2      | Killed Crazy Yiuf
  1983 | D:2      | Noticed Jessica
  1983 | D:2      | Noticed Natasha
  1988 | D:2      | Killed Natasha
  1989 | D:2      | Gained mutation: You have large cloven feet. [demonic
                  | ancestry]
  1989 | D:2      | Reached XP level 5. HP: 33/42 MP: 5/5
  1990 | D:2      | Killed Jessica
  1991 | D:2      | Reached skill level 1 in Axes
  2507 | D:2      | Noticed Natasha
  2515 | D:2      | Killed Natasha
  2951 | D:3      | Reached skill level 2 in Axes
  2977 | D:3      | Found an ornate altar of the Wu Jian Council.
  3265 | D:4      | Noticed an ogre
  3270 | D:4      | Killed an ogre
  3271 | D:4      | Gained mutation: Your touch may inflict irresistible damage
                  | on your foes. [demonic ancestry]
  3271 | D:4      | Reached XP level 6. HP: 44/48 MP: 6/6
  3272 | D:4      | Reached skill level 3 in Axes
  3318 | D:4      | Noticed Ijyb
  3318 | D:4      | Paralysed by Ijyb for 4 turns
  3326 | D:4      | Paralysed by Ijyb for 3 turns
  3329 | D:4      | Reached *** piety under Trog
  3332 | D:4      | Paralysed by Ijyb for 5 turns
  3339 | D:4      | Killed Ijyb
  4031 | D:4      | Reached XP level 7. HP: 55/55 MP: 7/7
  4048 | D:4      | Identified the ring of Yffeikor {Int+6 Slay+6 Stlth+}
  4416 | D:5      | Entered Level 5 of the Dungeon
  4423 | D:5      | Reached skill level 4 in Axes
  4443 | D:5      | Found a burning altar of Makhleb.
  5233 | D:6      | Reached skill level 5 in Axes
  5336 | D:6      | Gained mutation: You have a pair of small horns on your
                  | head. [demonic ancestry]
  5336 | D:6      | Reached XP level 8. HP: 60/61 MP: 8/8
  5337 | D:6      | Reached skill level 5 in Fighting
  5370 | D:6      | Reached skill level 6 in Axes
  5445 | D:6      | Reached skill level 5 in Armour
  5689 | D:6      | Found a sparkling altar of Nemelex Xobeh.
  5762 | D:6      | Reached **** piety under Trog
  5879 | D:6      | Found a blossoming altar of Fedhas.
  6027 | D:6      | Found a shadowy altar of Dithmenos.
  6029 | D:6      | Found a hazy altar of Hepliaklqana.
  6036 | D:6      | Reached skill level 7 in Axes
  6116 | D:6      | Upgraded the game from 0.30-a0-738-g116ff8c4af to
                  | 0.30-a0-743-gbfdf073431
  6276 | D:7      | Found a staircase to the Ecumenical Temple.
  6414 | D:7      | Noticed a cyan ugly thing
  6417 | D:7      | Slain by a cyan ugly thing

Illustrated notes

Levels and vault maps discovered:
D:1:      ebering_trefoil_3fold, layout_basic
D:2:      layout_basic, nrook_loot_triangle, uniq_crazy_yiuf_cottage,
          uniq_jessica, uniq_natasha, uniq_robin
D:3:      layout_basic, nzn_wu_jian_council_hall
D:4:      layout_basic, nicolae_goblin_pals
D:5:      layout_basic, lemuel_crystal_altar, hangedman_decor_clover_reticule,
          minmay_liquid_box, minmay_misc_feat_rugged
D:6:      layout_loops_cross, riverfiend_overflow_shadow_ancestor,
          nicolae_overflow_crystal_walls, nemelex_xobeh_ov_fountains_minmay
D:7:      layout_loops_corners, minmay_temple_entry_statues_pillars, uniq_pikel

Skill      XL: |  1  2  3  4  5  6  7  8 |
---------------+-------------------------+-----
Maces & Flails | 3 |  3.7
Armour         | 2 3 4 5 |  5.1
Dodging        | 2 |  2.8
Fighting       | 4 5 |  5.9
Axes           | 2 3 5 7 |  7.4
Stealth        | |  0.4

Action                     |  1- 3 |  4- 6 |  7- 9 || total
---------------------------+-------+-------+-------++-------
  Melee: Mace              |    41 |       |       ||    41
         War axe           |     5 |    64 |    60 ||   129
         Touch             |     4 |    12 |     8 ||    24
         Punch             |     1 |       |       ||     1
         Kick              |       |    11 |    18 ||    29
         Headbutt          |       |       |     5 ||     5
 Invoke: Berserk           |       |     1 |       ||     1
    Use: Scroll            |       |     7 |       ||     7
         Potion            |       |     2 |     2 ||     4
 Armour: Plate armour      |    14 |    52 |    42 ||   108
         Scale mail        |     7 |       |       ||     7
         Animal skin       |     3 |       |       ||     3
  Dodge: Dodged            |    33 |    26 |    29 ||    88

Table legend: (Time is in decaauts)
 A = Elapsed time spent in this place.
 B = Non-inter-level travel time spent in this place.
 C = Inter-level travel time spent in this place.
 D = Time resting spent in this place.
 E = Time spent auto-exploring this place.
 F = Levels seen in this place.
 G = Mean time per level.
                   A        B        C        D        E       F      G
               +--------+--------+--------+--------+--------+-----+--------+
         Total |   6470 |   5005 |   1465 |   1216 |   3073 |   7 |  924.3 |
       Dungeon |   6470 |   5005 |   1465 |   1216 |   3073 |   7 |  924.3 |
               +--------+--------+--------+--------+--------+-----+--------+

Top non-repeatable levels by time:
     D:2: 1739 daAuts
     D:4: 1173 daAuts
     D:6: 1053 daAuts
     D:1: 839 daAuts
     D:5: 816 daAuts
     D:3: 706 daAuts
     D:7: 141 daAuts
